 Dungeon Crawl Stone Soup version 0.28.0-45-g0d030f2227 (console) character file.

Game seed: 2172708910935355737

78 Faeu the Skirmisher (level 4, -23/41 HPs)
             Began as a Minotaur Fighter on Apr 19, 2022.
             Annihilated by an ogre
             ... wielding a +0 giant club
              (26 damage)
             ... on level 3 of the Dungeon.
             The game lasted 00:03:40 (1736 turns).

Faeu the Skirmisher (Minotaur Fighter)              Turns: 1736, Time: 00:03:40

Health: -23/41     AC:  7    Str: 22    XL:     4   Next: 15%
Magic:  3/3        EV:  9    Int:  5    God:
Gold:   47         SH:  0    Dex: 10    Spells: 3/3 levels left

rFire   . . .      SeeInvis .   h - +2 dagger (drain) {short}
rCold   . . .      Faith    .   c - +0 buckler
rNeg    . . .      Spirit   .   b - +0 scale mail
rPois   .          Reflect  .   (helmet restricted)
rElec   .          Harm     .   (no cloak)
rCorr   .          Rampage  .   (no gloves)
Will    .....                   (no boots)
Stlth   ..........              (no amulet)
HPRegen 0.13/turn               (no ring)
MPRegen 0.08/turn               (no ring)

@: confused
A: horns 2, retaliatory headbutt
a: no special abilities


You were on level 3 of the Dungeon.
You visited 1 branch of the dungeon, and saw 3 of its levels.

You collected 47 gold pieces.


Innate Abilities, Weirdness & Mutations

You have a pair of horns on your head.
You reflexively headbutt those who attack you in melee.


   Skills:
 + Level 4.4 Fighting
 + Level 3.4 Long Blades
 + Level 4.3 Armour
 + Level 4.3 Shields


You had 3 spell levels left.
You didn't know any spells.
Your spell library contained the following spells:

 Spells                   Type           Power      Damage    Failure   Level
 Gell's Gravitas          Tloc           0%         N/A       99%         3
 Lesser Beckoning         Tloc           0%         N/A       99%         3
 Teleport Other           Tloc           0%         N/A       99%         3

Inventory:

Hand Weapons
 a - a +0 long sword {long}
 h - a +2 dagger of draining (weapon) {short}
   (You found it on level 2 of the Dungeon)
Armour
 b - a +0 scale mail (worn)
 c - a +0 buckler (worn)
Scrolls
 e - a scroll of teleportation {unknown}
 f - a scroll of fear {unknown}
 g - a scroll of blinking {unknown}
 i - 2 scrolls of identify {unknown}
Potions
 d - a potion of might

Dungeon Overview and Level Annotations

Branches:
Dungeon (3/15)

Altars:
Kikubaaqudgha
Nemelex Xobeh

...............# .
#............# .
#...........# #
#...........##
#####†..........#
...(..))........######
########.....##.......
#####......#####.
####..?.....§
#?.≈≈≈≈≈≈§ #.@≈.....§
#.O≈.≈≈≈≈≈ #..≈.≈o..≈
#.o≈.≈._.≈ #..§.≈{..≈
#..≈.≈.≈≈≈ #..≈..§...
#.o≈§≈≈§≈≈ #........S
#.........


You could see an ogre, an orc wizard and 2 orcs.


Message History

You kill the giant cockroach!
There is a stone staircase leading up here.
There is a sparkling altar of Nemelex Xobeh here.
An endoplasm comes into view.
The endoplasm quivers.
The endoplasm freezes you.
You are frozen. 😕 HP[-5]
You take 5 damage, and now have 36/41 hp.
You hit the endoplasm. You drain the endoplasm.
You kill the endoplasm! 😕 HP[+1] Done exploring. 😎 HP[+4] Done exploring.
(D) Dungeon
Where to? (Enter - D:2, ? - help)
There is a stone staircase leading up here.
There is a stone staircase leading down here.
You climb downwards.
The ball python hisses angrily.
There is a stone staircase leading up here.
A ball python is nearby!
A dart slug comes into view.
The dart slug moves out of view.
You see here 23 stones {throwing}.
A kobold comes into view. It is wielding a +0 club.
The kobold shouts!
You hit the dart slug. The dart slug launches a dart at you.
The slug dart hits you. 😕 HP[-2]
You take 2 damage, and now have 39/41 hp.
You hit the dart slug. You drain the dart slug.
A goblin comes into view. It is wielding a +0 club.
The kobold throws a stone.
The stone closely misses you.
The goblin shouts!
You hit the dart slug.
You kill the dart slug! 😕 HP[+1]
You hit the ball python.
You kill the ball python!
The kobold throws a stone.
You block the stone.
Things that are here:
23 stones {throwing}; a ball python corpse The kobold throws a stone.
The stone hits you. 😕 HP[-1]
You take 1 damage, and now have 39/41 hp.
You barely miss the goblin. You headbutt the goblin.
You kill the goblin!
The kobold throws a stone.
The stone completely misses you. The kobold hits you with a +0 club.
You see here a +0 club {mace}. 😕 HP[-2]
You take 2 damage, and now have 37/41 hp.
You hit the kobold.
You kill the kobold!
Things that are here:
a +0 club {mace}; 2 stones {throwing}; a kobold corpse 😕 HP[+1]
You see here a +0 club {mace}.
HP restored.
Things that are here:
a +0 club {mace}; 2 stones {throwing}; a kobold corpse
Found an ancient bone altar of Kikubaaqudgha. 😎 HP[+3]
An orc wizard and an ogre come into view.
The orc wizard shouts!
The ogre shouts!
The orc wizard gestures at you while chanting.
You are confused.
You see here a scroll labelled IDWAKASOTY.
An orc comes into view. It is wielding a +0 club.
The orc shouts!
An orc wizard comes into view. It is wielding a +0 dagger.
The orc wizard shouts!
You hear a shout!
An orc comes into view. It is wielding a +0 hand axe of venom.
The ogre hits you with a +0 giant club!
The orc wizard gestures wildly while chanting.
The orc wizard flickers and vanishes!
Deactivating autopickup; reactivate with Ctrl-A. 😮 HP[-16]
You take 16 damage, and now have 25/41 hp.
MASSIVE DAMAGE!! (PAUSE) You're too confused to move!
The ogre hits you with a +0 giant club!!
Ouch! That really hurt!
* * * LOW HITPOINT WARNING * * *
😱 HP[-23]
You take 23 damage, and now have 2/41 hp.
MASSIVE DAMAGE!! (PAUSE)
You nearly stumble into some lava!
The ogre barely misses you. 😱 HP[+1]
You feel less confused.
You are confused.
You nearly stumble into some lava!
A ball python comes into view.
Unknown command.
The ogre hits you with a +0 giant club!!
Ouch! That really hurt!
You die...

Skill      XL: |  1  2 |
---------------+-------+-----
Fighting       | 4 |  4.4
Shields        | 4 |  4.3
Armour         | 4 |  4.3
Long Blades    | 3 |  3.4

Action                   |  1- 3 |  4- 6 || total
-------------------------+-------+-------++-------
Melee: Long sword        |    54 |       ||    54
       Headbutt          |     6 |     2 ||     8
       Dagger            |    37 |    12 ||    49
Armor: Scale mail        |    57 |     3 ||    60
Dodge: Dodged            |    68 |     4 ||    72
Block: Buckler           |    34 |     3 ||    37

Levels and vault maps discovered:
D:1:      beargit_arrival_greenhouse, layout_basic,
          ebering_ecumenical_altar_mist, dk_noncrumbling_3
D:2:      layout_loops_cross, basic_altar, nrook_uturn
D:3:      layout_rooms, mainiacjoe_overflow_concentric_impassable,
          nicolae_grassy_gnolls, uniq_robin

Notes
Turn   | Place    | Note
-------+----------+-------------------------------------------
     0 | D:1      | Faeu the Minotaur Fighter began the quest for the Orb.
     0 | D:1      | Reached XP level 1. HP: 19/19 MP: 0/0
     0 | D:1      | magus.rc [v1.9.6]
    53 | D:1      | Found a faded altar of an unknown god.
   271 | D:1      | You pick up a book of Displacement and begin reading...
   271 | D:1      | You add the spells Lesser Beckoning, Gell's Gravitas and
                  | Teleport Other to your library.
   342 | D:1      | Reached XP level 2. HP: 27/27 MP: 1/1
   467 | D:1      | Reached skill level 4 in Fighting
   528 | D:1      | Reached skill level 4 in Shields
   862 | D:2      | Reached skill level 4 in Armour
   985 | D:2      | Reached skill level 3 in Long Blades
   985 | D:2      | Reached XP level 3. HP: 29/33 MP: 2/2
  1375 | D:2      | Found a sparkling altar of Nemelex Xobeh.
  1448 | D:2      | Reached XP level 4. HP: 41/41 MP: 3/3
  1726 | D:3      | Found an ancient bone altar of Kikubaaqudgha.
  1728 | D:3      | Noticed an ogre
  1732 | D:3      | HP: 2/41 [ogre/+0 giant club (23)]
  1736 | D:3      | Annihilated by an ogre

Vanquished Creatures
  3 adders (D:2)
  A worm (D:2)
  A dart slug (D:3)
  6 endoplasms
  4 giant cockroaches
  4 goblins
  2 hobgoblins (D:2)
  2 quokkas
  6 ball pythons
  7 bats
  2 frilled lizards (D:2)
  4 kobolds
  3 rats (D:1)
45 creatures vanquished.

Table legend:
 A = Non-vault XP
 B = Vault XP
 C = Vault XP percentage of total XP
 D = Non-vault monster count
 E = Vault monster count
 F = Vault count percentage of total count
                 A         B        C        D         E       F
            +---------+---------+-------+---------+---------+-------
      Total |     112 |       0 |   0.0 |      45 |       0 |   0.0
            +---------+---------+-------+---------+---------+-------
        D:1 |      30 |       0 |   0.0 |      20 |       0 |   0.0
        D:2 |      72 |       0 |   0.0 |      21 |       0 |   0.0
        D:3 |      10 |       0 |   0.0 |       4 |       0 |   0.0
            +---------+---------+-------+---------+---------+-------

Illustrated notes

Table legend:
 A = Kills in this place as a percentage of kills in entire the game.
 B = Kills by you in this place as a percentage of kills by you in the entire game.
 C = Kills by friends in this place as a percentage of kills by friends in the entire game.
 D = Other kills in this place as a percentage of other kills in the entire game.
 E = Experience gained in this place as a percentage of experience gained in the entire game.
 F = Experience gained in this place divided by the number of levels of this place that you have seen.
                   A       B       C       D       E      F
               +-------+-------+-------+-------+-------+----------------------
         Total | 100.0 | 100.0 |   N/A |   N/A | 100.0 |  37.3
       Dungeon | 100.0 | 100.0 |   N/A |   N/A | 100.0 |  37.3
               +-------+-------+-------+-------+-------+----------------------

Table legend: (Time is in decaauts)
 A = Elapsed time spent in this place.
 B = Non-inter-level travel time spent in this place.
 C = Inter-level travel time spent in this place.
 D = Time resting spent in this place.
 E = Time spent auto-exploring this place.
 F = Levels seen in this place.
 G = Mean time per level.
                   A        B        C        D        E       F      G
               +--------+--------+--------+--------+--------+-----+--------+
         Total |   1749 |   1715 |     34 |      0 |   1308 |   3 |  583.0 |
       Dungeon |   1749 |   1715 |     34 |      0 |   1308 |   3 |  583.0 |
               +--------+--------+--------+--------+--------+-----+--------+

Top non-repeatable levels by time:
     D:1: 861 daAuts
     D:2: 830 daAuts
     D:3: 57 daAuts
